[Event "XI Paracin Festival 2018"]
[Site "Paracin"]
[Date "2018.07.06"]
[Round "1"]
[White "Georgiev, Kiril"]
[Black "Mitev, Valentin"]
[Result "1-0"]
[ECO "D48"]
[WhiteElo "2590"]
[BlackElo "2086"]
[Annotator "ChessBase"]
[PlyCount "53"]
[EventDate "2018.07.06"]
[EventType "swiss"]
[EventCountry "SRB"]
[SourceTitle "playchess.com"]
[Source "ChessBase"]
[SourceQuality "1"]
[TimeControl "5400+30"]

1. Nf3 d5 2. c4 c6 3. e3 Nf6 4. Nc3 e6 5. d4 Nbd7 6. Bd3 dxc4 7. Bxc4 b5 8. Bd3 a6 9. a4 Bb7 10. O-O b4 11. Ne4 c5 12. Ned2 Be7 13. a5 O-O 14. Qe2 Qc7 15. Re1 Rfd8 16. Nc4 Rac8 17. e4 cxd4 18. e5 Nd5 19. Ng5 h6 20. Nxf7 Kxf7 21. Qh5+ Kg8 22. Bxh6 Nf8 23. Re4 Nf6 24. exf6 Bxe4 25. f7+ Kh8 26. Bf4+ Bh7 27. Bxc7 1-0

[Event "XI Paracin Festival 2018"]
[Site "Paracin"]
[Date "2018.07.06"]
[Round "1"]
[White "Savic, Miodrag R"]
[Black "Ninov, Dayan"]
[Result "1/2-1/2"]
[ECO "B03"]
[WhiteElo "2545"]
[BlackElo "2230"]
[Annotator "ChessBase"]
[PlyCount "87"]
[EventDate "2018.07.06"]
[EventType "swiss"]
[EventCountry "SRB"]
[SourceTitle "playchess.com"]
[Source "ChessBase"]
[SourceQuality "1"]
[TimeControl "5400+30"]

1. e4 Nf6 2. e5 Nd5 3. d4 d6 4. c4 Nb6 5. exd6 cxd6 6. Be3 g6 7. Nc3 Bg7 8. Nf3 O-O 9. h3 Nc6 10. Rc1 d5 11. b3 Be6 12. c5 Nd7 13. Bb5 a6 14. Bxc6 bxc6 15. O-O f6 16. Qd2 Bf7 17. Bh6 e5 18. Bxg7 Kxg7 19. dxe5 fxe5 20. Na4 Be6 21. Qe3 Qf6 22. Rce1 Rae8 23. Nxe5 Bxh3 24. f4 Bf5 25. Nc3 Qe7 26. Qd4 Qxc5 27. Nxc6+ Qxd4+ 28. Nxd4 Bd3 29. Rxe8 Rxe8 30. Rd1 Be4 31. Nc6 Nf6 32. Nb4 Rc8 33. Nxe4 dxe4 34. Nxa6 Rc2 35. a4 e3 36. Re1 Nd5 37. b4 Rc4 38. a5 Nxb4 39. Nxb4 Rxb4 40. Ra1 Rxf4 41. a6 e2 42. Re1 Ra4 43. Rxe2 Rxa6 44. Re7+ 1/2-1/2

[Event "XI Paracin Festival 2018"]
[Site "Paracin"]
[Date "2018.07.06"]
[Round "1"]
[White "Kadric, Denis"]
[Black "Vujacic, Borivoje"]
[Result "1-0"]
[ECO "B23"]
[WhiteElo "2509"]
[BlackElo "2211"]
[Annotator "ChessBase"]
[PlyCount "45"]
[EventDate "2018.07.06"]
[EventType "swiss"]
[EventCountry "SRB"]
[SourceTitle "playchess.com"]
[Source "ChessBase"]
[SourceQuality "1"]
[TimeControl "5400+30"]

1. e4 c5 2. Nc3 d6 3. f4 g6 4. Nf3 Bg7 5. Bb5+ Bd7 6. Bc4 Nc6 7. O-O e6 8. f5 exf5 9. d3 Nge7 10. Qe1 Na5 11. exf5 Nxc4 12. f6 Bxf6 13. Nd5 Bg7 14. Bg5 Ne5 15. Nxe5 dxe5 16. Bxe7 Qb8 17. Qf2 Be6 18. Qxc5 b6 19. Qc6+ Bd7 20. Nc7+ Kxe7 21. Rxf7+ Kxf7 22. Qxd7+ Kf6 23. Rf1+ 1-0

[Event "XI Paracin Festival 2018"]
[Site "Paracin"]
[Date "2018.07.06"]
[Round "1"]
[White "Damljanovic, Branko"]
[Black "Winkelman, Albert"]
[Result "1-0"]
[ECO "D38"]
[WhiteElo "2499"]
[BlackElo "2183"]
[Annotator "ChessBase"]
[PlyCount "55"]
[EventDate "2018.07.06"]
[EventType "swiss"]
[EventCountry "SRB"]
[SourceTitle "playchess.com"]
[Source "ChessBase"]
[SourceQuality "1"]
[TimeControl "5400+30"]

1. c4 Nf6 2. Nc3 e6 3. Nf3 d5 4. d4 Bb4 5. Qa4+ Nc6 6. e3 O-O 7. Bd2 Qe7 8. Rd1 Bd7 9. Qc2 Rfd8 10. a3 Bxc3 11. Bxc3 Ne4 12. Bd3 Nxc3 13. Qxc3 a5 14. O-O dxc4 15. Bxc4 a4 16. Ba2 Rdc8 17. e4 Na7 18. Rfe1 Nb5 19. Qe3 Nd6 20. h4 Bb5 21. h5 Bc4 22. Bb1 c6 23. h6 g6 24. Rc1 b5 25. Nd2 e5 26. dxe5 Qxe5 27. f4 Qe7 28. e5 1-0

[Event "XI Paracin Festival 2018"]
[Site "Paracin"]
[Date "2018.07.06"]
[Round "1"]
[White "Yilmazyerli, Mert"]
[Black "Trifunovic, Miroljub"]
[Result "1-0"]
[ECO "D00"]
[WhiteElo "2491"]
[BlackElo "2198"]
[Annotator "ChessBase"]
[PlyCount "69"]
[EventDate "2018.07.06"]
[EventType "swiss"]
[EventCountry "SRB"]
[SourceTitle "playchess.com"]
[Source "ChessBase"]
[SourceQuality "1"]
[TimeControl "5400+30"]

1. d4 d5 2. Bf4 c5 3. e3 Nc6 4. c3 Nf6 5. Nd2 e6 6. Ngf3 Bd6 7. Bg3 O-O 8. Bd3 Re8 9. Ne5 Qc7 10. f4 g6 11. O-O Nh5 12. Bh4 Be7 13. Qe1 Qd8 14. Bxe7 Qxe7 15. g4 Ng7 16. Ndf3 Nxe5 17. fxe5 Bd7 18. Qg3 Rf8 19. Qf4 c4 20. Qh6 Ne8 21. Ng5 f6 22. exf6 Rxf6 23. Bc2 Qg7 24. Qh4 h6 25. Nf3 Nd6 26. g5 hxg5 27. Qxg5 Raf8 28. Ne5 Be8 29. Ng4 Rxf1+ 30. Rxf1 Nf5 31. e4 dxe4 32. Bxe4 Bc6 33. Bxc6 bxc6 34. Re1 Ne7 35. Rxe6 1-0

[Event "XI Paracin Festival 2018"]
[Site "Paracin"]
[Date "2018.07.06"]
[Round "1"]
[White "Asadli, Vugar Afgan Oglu"]
[Black "Bratkovic, Sham"]
[Result "1-0"]
[ECO "A07"]
[WhiteElo "2478"]
[BlackElo "2190"]
[Annotator "ChessBase"]
[PlyCount "59"]
[EventDate "2018.07.06"]
[EventType "swiss"]
[EventCountry "SRB"]
[SourceTitle "playchess.com"]
[Source "ChessBase"]
[SourceQuality "1"]
[TimeControl "5400+30"]

1. Nf3 Nf6 2. g3 d5 3. Bg2 c6 4. O-O Bg4 5. d3 Nbd7 6. Nbd2 e5 7. e4 dxe4 8. dxe4 Bc5 9. Qe1 O-O 10. h3 Bxf3 11. Bxf3 Qe7 12. a4 Rfd8 13. Qe2 Nf8 14. Bg2 Ne6 15. c3 Qc7 16. h4 Be7 17. Nc4 a5 18. h5 h6 19. Kh1 Nc5 20. f4 exf4 21. Bxf4 Qd7 22. Nb6 Qe6 23. Nxa8 Rxa8 24. e5 Nd5 25. Kh2 g5 26. hxg6 Qxg6 27. Rad1 Rd8 28. Bc1 Bg5 29. Bxg5 hxg5 30. c4 1-0

[Event "XI Paracin Festival 2018"]
[Site "Paracin"]
[Date "2018.07.06"]
[Round "1"]
[White "Milanovic, Danilo"]
[Black "Ongut, Tamas Gunes"]
[Result "1/2-1/2"]
[ECO "E70"]
[WhiteElo "2471"]
[BlackElo "2185"]
[Annotator "ChessBase"]
[PlyCount "97"]
[EventDate "2018.07.06"]
[EventType "swiss"]
[EventCountry "SRB"]
[SourceTitle "playchess.com"]
[Source "ChessBase"]
[SourceQuality "1"]
[TimeControl "5400+30"]

1. d4 Nf6 2. c4 g6 3. Nc3 Bg7 4. e4 d6 5. Bg5 h6 6. Be3 O-O 7. f3 c5 8. Nge2 Nc6 9. Qd2 h5 10. d5 Ne5 11. Nc1 e6 12. Be2 exd5 13. cxd5 a6 14. a4 Bd7 15. O-O b5 16. axb5 axb5 17. Rxa8 Qxa8 18. Nxb5 Bxb5 19. Bxb5 Rb8 20. Be2 Nfd7 21. b3 Qa3 22. Qc2 Rc8 23. h3 c4 24. f4 Rb8 25. Bxc4 Nxc4 26. Qxc4 Qb4 27. Rd1 Qxc4 28. bxc4 Rc8 29. e5 dxe5 30. fxe5 Bxe5 31. Nd3 Rxc4 32. Nxe5 Nxe5 33. d6 Nd7 34. Ra1 Rc6 35. Bf4 Rc8 36. Ra7 Rd8 37. Kf2 f6 38. Ke3 Kf7 39. Kd4 Ke6 40. Ra6 Rc8 41. Bg3 Rb8 42. Ra2 Rb4+ 43. Ke3 Rb3+ 44. Kf2 Rb5 45. Re2+ Ne5 46. Rd2 Nd7 47. Re2+ Ne5 48. Rd2 Nd7 49. Re2+ {[%emt 0:00:08] Ke5} 1/2-1/2

[Event "XI Paracin Festival 2018"]
[Site "Paracin"]
[Date "2018.07.06"]
[Round "1"]
[White "Kosic, Dragan"]
[Black "Jigjidsuren, Purev"]
[Result "1-0"]
[ECO "A40"]
[WhiteElo "2463"]
[BlackElo "2183"]
[Annotator "ChessBase"]
[PlyCount "125"]
[EventDate "2018.07.06"]
[EventType "swiss"]
[EventCountry "SRB"]
[SourceTitle "playchess.com"]
[Source "ChessBase"]
[SourceQuality "1"]
[TimeControl "5400+30"]

1. d4 b6 2. e4 Bb7 3. Nc3 e6 4. Bd3 c5 5. Nf3 cxd4 6. Nxd4 a6 7. O-O Qc7 8. Qe2 d6 9. f4 Be7 10. Be3 Nf6 11. Rae1 Nbd7 12. Kh1 b5 13. a3 Rc8 14. Bd2 Nc5 15. b4 Nxd3 16. cxd3 O-O 17. Qf2 Nd7 18. Nf3 Bf6 19. Rc1 Qd8 20. Qg3 Re8 21. e5 Be7 22. Ne4 Nf8 23. Rxc8 Bxc8 24. exd6 Bxd6 25. Bc3 Ng6 26. Nfg5 h6 27. Nxd6 Qxd6 28. Ne4 Qd5 29. Be5 Rd8 30. Nc5 Kh7 31. h3 f6 32. Bb2 Ne7 33. Kh2 Nf5 34. Qf3 a5 35. Qxd5 Rxd5 36. Rc1 axb4 37. axb4 Ne7 38. Ra1 e5 39. fxe5 fxe5 40. Ra7 Ng6 41. g4 Rd8 42. Kg3 Kg8 43. h4 h5 44. gxh5 Nf4 45. Bxe5 Nxh5+ 46. Kf3 Rf8+ 47. Ke3 Re8 48. d4 Bh3 49. Ne4 Bf1 50. Kf2 Rf8+ 51. Ke3 Re8 52. Rb7 Ra8 53. d5 Ra3+ 54. Kd4 Rd3+ 55. Kc5 Bg2 56. Nc3 Nf6 57. Bd4 Rh3 58. Bxf6 gxf6 59. Nxb5 Rxh4 60. Nd4 Rh5 61. Rd7 Kf8 62. b5 Ke8 63. Rd6 1-0

[Event "XI Paracin Festival 2018"]
[Site "Paracin"]
[Date "2018.07.06"]
[Round "1"]
[White "Gukesh, Dommaraju"]
[Black "Ersahin, Bulent"]
[Result "1-0"]
[ECO "A05"]
[WhiteElo "2433"]
[BlackElo "2179"]
[Annotator "NA"]
[PlyCount "113"]
[EventDate "2018.07.06"]
[EventType "swiss"]
[EventCountry "SRB"]
[SourceTitle "playchess.com"]
[Source "ChessBase"]
[SourceQuality "1"]
[TimeControl "5400+30"]

1. Nf3 Nf6 2. g3 g6 3. Bg2 Bg7 4. O-O O-O 5. d4 c5 6. dxc5 Na6 7. Be3 Qc7 {[%emt 0:01:11] A49: 1 d4 Nf6 2 Nf3 g6 3 g3: Anti-King's Indian systems} 8. Nc3 Nxc5 9. Nb5 Qb6 (9... Qc6 10. a4 Ng4 11. Bd4 Bxd4 12. Nfxd4 Qb6 13. b4 Na6 14. Qd2 d6 15. c4 {½-½ (46) Meier,G (2630)-Bacrot,E (2695) chess.com INT 2017}) 10. c4 a5 11. Bd4 $146 ({Predecessor:} 11. a3 Ng4 12. Bd4 a4 13. Bxg7 Kxg7 14. Qd4+ Nf6 15. Nc3 {½-½ (39) Karlik,V (2294)-Piza,V (2264) Nachod 2013}) 11... d6 12. b3 Bd7 13. Nc3 Bc6 14. Rb1 Rfc8 15. Ne1 Bxg2 16. Nxg2 Qd8 17. Nf4 Ncd7 18. Nfd5 e6 19. Nxf6+ Nxf6 20. e4 Ra6 21. Qe2 Nd7 22. Bxg7 Kxg7 23. Rfd1 Qf6 24. Qe3 Qe5 25. Rd2 f5 26. Rbd1 Rcc6 27. exf5 (27. Rd4 $18 {und Weiss behält klar die Oberhand.}) 27... Qxe3 28. fxe3 Ne5 29. Kg2 gxf5 30. Nb5 Ng4 31. Kf3 Kf6 32. e4 Ne5+ 33. Ke2 a4 34. exf5 axb3 35. axb3 exf5 36. Rxd6+ Ke7 37. R6d5 Ra2+ 38. R1d2 Rxd2+ 39. Kxd2 $18 Nf3+ 40. Ke3 Nxh2 41. Nd4 Rb6 42. Nxf5+ Ke8 43. Nd6+ Kf8 44. Rd3 Ng4+ 45. Kf4 Nf6 46. Ke5 Nd7+ 47. Kd5 Nf6+ 48. Ke6 Ne4 49. Rf3+ Kg8 50. Kd5 Nd2 51. c5 Rb4 52. Rf7 Rxb3 53. Rxb7 Rd3+ 54. Ke6 Re3+ 55. Kd7 Rc3 56. c6 Nf3 57. c7 1-0

[Event "XI Paracin Festival 2018"]
[Site "Paracin"]
[Date "2018.07.06"]
[Round "1"]
[White "Radovanovic, Nikola"]
[Black "Cholleti, Sahajasri"]
[Result "1-0"]
[ECO "E43"]
[WhiteElo "2425"]
[BlackElo "2169"]
[Annotator "NA"]
[PlyCount "73"]
[EventDate "2018.07.06"]
[EventType "swiss"]
[EventCountry "SRB"]
[SourceTitle "playchess.com"]
[Source "ChessBase"]
[SourceQuality "1"]
[TimeControl "5400+30"]

1. d4 Nf6 2. c4 e6 3. Nc3 Bb4 4. e3 b6 5. f3 c5 6. d5 d6 {[%emt 0:03:41] E43: Nimzo-Indian: Rubinstein: 4...b6} 7. e4 b5 8. Bd2 a6 9. a4 bxc4 $146 ({Predecessor:} 9... Ba5 10. axb5 axb5 11. Kf2 b4 12. Nce2 O-O 13. Ng3 Re8 14. b3 Nbd7 15. Be2 {0-1 (35) Toth,E (2427)-Donchenko,A (2574) Budapest 2018}) 10. Bxc4 e5 11. Nge2 Nbd7 12. Ng3 Nf8 13. O-O Ng6 14. Be3 Bxc3 15. bxc3 O-O 16. a5 Bd7 17. Qd3 Qc7 18. Rfb1 Ra7 19. Rb6 Rfa8 20. Rxa6 Rxa6 21. Bxa6 Ra7 {[%emt 0:00:44] [#]} 22. Bg5 $1 Qd8 23. Nh5 Qa8 24. Bxf6 Rxa6 25. Bxg7 Rxa5 $18 26. Rxa5 Qxa5 27. Bh6 Bb5 28. Qe3 Qa1+ 29. Kf2 Qa2+ 30. Kg3 Bf1 31. Qf2 Qc4 32. Nf6+ Kh8 33. Qb2 Qb5 34. Qxb5 Bxb5 35. h4 Ne7 36. Bf8 Nc8 37. h5 1-0

[Event "XI Paracin Festival 2018"]
[Site "Paracin"]
[Date "2018.07.06"]
[Round "1"]
[White "Gadimbayli, Abdulla Azar"]
[Black "Baltic, Fatih"]
[Result "1-0"]
[ECO "C07"]
[WhiteElo "2420"]
[BlackElo "2157"]
[Annotator "RC"]
[PlyCount "73"]
[EventDate "2018.07.06"]
[EventType "swiss"]
[EventCountry "SRB"]
[SourceTitle "playchess.com"]
[Source "ChessBase"]
[SourceQuality "1"]
[TimeControl "5400+30"]

1. e4 e6 2. d4 d5 3. Nd2 c5 4. exd5 Qxd5 5. Ngf3 cxd4 6. Bc4 Qd8 7. O-O Nf6 8. Nb3 a6 9. Nbxd4 Qc7 10. Qe2 b5 11. Bb3 Be7 12. Re1 O-O 13. a4 b4 14. Nxe6 fxe6 15. Bxe6+ Bxe6 16. Qxe6+ Rf7 17. Ng5 Bf8 18. Bf4 Qd7 19. Bxb8 Rxb8 20. Nxf7 Qxf7 21. Qxa6 Bc5 22. Qe2 Rf8 23. Kh1 Qa7 24. f3 Kh8 25. a5 Nh5 26. Qb5 Nf6 27. a6 Rb8 28. Qc6 h6 29. Re5 Bd4 30. Rb5 Rxb5 31. Qxb5 Bxb2 32. Rb1 Qe3 33. Qb8+ Kh7 34. a7 Bc1 35. Qxb4 Ba3 36. Qa5 Bd6 37. Qf5+ 1-0

[Event "XI Paracin Festival 2018"]
[Site "Paracin"]
[Date "2018.07.06"]
[Round "1"]
[White "Abramovic, Bosko"]
[Black "Dezelin, Milan"]
[Result "1-0"]
[ECO "A45"]
[WhiteElo "2409"]
[BlackElo "2146"]
[Annotator "ChessBase"]
[PlyCount "61"]
[EventDate "2018.07.06"]
[EventType "swiss"]
[EventCountry "SRB"]
[SourceTitle "playchess.com"]
[Source "ChessBase"]
[SourceQuality "1"]
[TimeControl "5400+30"]

1. d4 Nf6 2. g3 g6 3. Bg2 Bg7 4. e4 d6 5. Nc3 O-O 6. Nge2 c6 7. a4 a5 8. O-O e5 9. h3 Nbd7 10. Be3 Re8 11. g4 h5 12. f3 hxg4 13. hxg4 exd4 14. Bxd4 Ne5 15. g5 Nh5 16. f4 Ng4 17. Rf3 Bf8 18. Bh3 f5 19. gxf6 Ngxf6 20. Qd3 Ng4 21. Kg2 d5 22. exd5 Bf5 23. Qd2 cxd5 24. Rh1 Bh6 25. Ng3 Bxf4 26. Rxf4 Qg5 27. Nxh5 Ne3+ 28. Kf2 Bxh3 29. Nf6+ Kf7 30. Nfxd5+ Kg8 31. Rg1 1-0

[Event "XI Paracin Festival 2018"]
[Site "Paracin"]
[Date "2018.07.06"]
[Round "1"]
[White "Radovanovic, Mihajlo"]
[Black "Konstantinov, Aleksandar"]
[Result "1-0"]
[ECO "B90"]
[WhiteElo "2402"]
[BlackElo "2133"]
[Annotator "ChessBase"]
[PlyCount "79"]
[EventDate "2018.07.06"]
[EventType "swiss"]
[EventCountry "SRB"]
[SourceTitle "playchess.com"]
[Source "ChessBase"]
[SourceQuality "1"]
[TimeControl "5400+30"]

1. Nf3 c5 2. e4 d6 3. d4 cxd4 4. Nxd4 Nf6 5. Nc3 a6 6. h3 e5 7. Nde2 Be7 8. g4 Be6 9. Bg2 O-O 10. Be3 b5 11. Ng3 Nbd7 12. O-O Nb6 13. b3 Rc8 14. Qd2 Qc7 15. Nd5 Nbxd5 16. exd5 Bd7 17. Rac1 Qc3 18. Qxc3 Rxc3 19. g5 Ne8 20. Ne4 Rc8 21. f4 f5 22. fxe5 dxe5 23. d6 fxe4 24. dxe7 Rf7 25. b4 Rxe7 26. Bc5 Rf7 27. Rxf7 Kxf7 28. Rf1+ Kg6 29. h4 Bc6 30. Bh3 Rc7 31. Bb6 Rb7 32. Be3 Nd6 33. Bc5 Nc4 34. Kh2 Bd7 35. Bg2 Bf5 36. Kg3 Rc7 37. Rd1 Kf7 38. Rd8 Ke6 39. h5 e3 40. Bd5# {Kxd5} 1-0

[Event "XI Paracin Festival 2018"]
[Site "Paracin"]
[Date "2018.07.06"]
[Round "1"]
[White "Rahul, Srivatshav P"]
[Black "Pajcin, Lav"]
[Result "1-0"]
[ECO "D35"]
[WhiteElo "2397"]
[BlackElo "2130"]
[Annotator "NA"]
[PlyCount "97"]
[EventDate "2018.07.06"]
[EventType "swiss"]
[EventCountry "SRB"]
[SourceTitle "playchess.com"]
[Source "ChessBase"]
[SourceQuality "1"]
[TimeControl "5400+30"]

1. d4 d5 2. c4 e6 3. Nc3 Nf6 4. cxd5 exd5 5. Bg5 Be7 6. e3 O-O 7. Bd3 c6 8. Qc2 Nbd7 9. Nf3 Re8 {[%emt 0:00:49] LiveBook: 3098 Games} 10. O-O Nf8 $14 11. h3 Ne4 12. Bf4 Nxc3 13. bxc3 Bd6 14. Bxd6 Qxd6 15. c4 dxc4 16. Bxc4 Be6 17. Rab1 Re7 18. Rfc1 Bd5 19. Bxd5 Qxd5 20. Qc4 Qxc4 21. Rxc4 Ne6 22. a4 Rae8 23. a5 Nd8 24. Ne5 f6 25. Nd3 a6 26. Nc5 Rc7 27. Rcb4 Ree7 28. g4 Kf7 29. Kg2 Ke8 30. R4b3 Kf7 31. f4 g6 32. f5 gxf5 33. gxf5 Ke8 34. Kf3 Rg7 35. e4 h5 36. e5 fxe5 37. dxe5 Rcf7 38. Kf4 Rg2 39. Ne4 Kf8 40. Nd6 Rd7 41. Rg3 Rf2+ 42. Ke3 Ra2 43. Rbg1 Ra3+ 44. Kf4 Ra4+ 45. Kg5 Rg7+ 46. Kf6 Rxg3 47. Rxg3 c5 48. e6 Nc6 49. Rg7 1-0

[Event "XI Paracin Festival 2018"]
[Site "Paracin"]
[Date "2018.07.06"]
[Round "1"]
[White "Olson, Hamish"]
[Black "Shyam, Sundar M"]
[Result "0-1"]
[ECO "A46"]
[WhiteElo "2229"]
[BlackElo "1345"]
[Annotator "NA"]
[PlyCount "46"]
[EventDate "2018.07.06"]
[EventType "swiss"]
[EventCountry "SRB"]
[SourceTitle "playchess.com"]
[Source "ChessBase"]
[SourceQuality "1"]
[TimeControl "5400+30"]

1. d4 Nf6 2. Nf3 d5 3. c4 e6 4. e3 a6 5. Nbd2 b6 6. Bd3 Bb7 7. O-O Nbd7 8. b3 Ne4 9. Bb2 $11 Bd6 10. Ne5 Bxe5 11. dxe5 Ndc5 12. Nxe4 dxe4 13. Bc2 Qg5 14. Qd4 Rd8 15. Qc3 Nd3 16. c5 bxc5 17. b4 O-O 18. bxc5 Bc6 19. a4 h5 20. Rab1 h4 21. h3 Rd5 22. Bxd3 exd3 23. Qc4 Rd4 0-1

[Event "XI Paracin Festival 2018"]
[Site "Paracin"]
[Date "2018.07.06"]
[Round "1"]
[White "Petrov, Georgi"]
[Black "Atalik, Suat"]
[Result "0-1"]
[ECO "D02"]
[WhiteElo "2213"]
[BlackElo "2512"]
[Annotator "ChessBase"]
[PlyCount "116"]
[EventDate "2018.07.06"]
[EventType "swiss"]
[EventCountry "SRB"]
[SourceTitle "playchess.com"]
[Source "ChessBase"]
[SourceQuality "1"]
[TimeControl "5400+30"]

1. Nf3 d5 2. d4 Nf6 3. c4 e6 4. cxd5 exd5 5. Nc3 c6 6. Bg5 h6 7. Bh4 Bf5 8. e3 Nbd7 9. Bd3 Bxd3 10. Qxd3 Be7 11. O-O O-O 12. Bxf6 Bxf6 13. Rac1 a5 14. Na4 Re8 15. Nc5 Nxc5 16. Rxc5 Be7 17. Rc2 a4 18. Qf5 Bd6 19. Rfc1 Qe7 20. Ne1 g6 21. Qh3 Kg7 22. Nd3 h5 23. Nc5 Ra5 24. Qf3 h4 25. h3 f5 26. a3 Rf8 27. Rc3 f4 28. Qg4 Bxc5 29. dxc5 Rb5 30. exf4 d4 31. Rd3 Rxc5 32. Rxc5 Qxc5 33. Qd7+ Kh6 34. Rxd4 Rxf4 35. Rd2 Re4 36. Rd1 Re2 37. Qf7 Qf5 38. Qxf5 gxf5 39. Rd4 Re1+ 40. Kh2 Re4 41. Rd7 b5 42. Rd6+ Kg5 43. Rxc6 Re2 44. Rc5 Rxb2 45. Kg1 Kf4 46. Kf1 b4 47. Ra5 b3 48. Rxa4+ Ke5 49. Rb4 f4 50. a4 Kd5 51. Ke1 Kc5 52. Rb8 Kc4 53. a5 Ra2 54. Rc8+ Kd3 55. Rd8+ Kc2 56. Rc8+ Kb1 57. Kd1 b2 58. Rb8 Ka1 0-1

[Event "XI Paracin Festival 2018"]
[Site "Paracin"]
[Date "2018.07.06"]
[Round "1"]
[White "Bergsson, Stefan"]
[Black "Tan, Justin"]
[Result "0-1"]
[ECO "B01"]
[WhiteElo "2192"]
[BlackElo "2481"]
[Annotator "ChessBase"]
[PlyCount "62"]
[EventDate "2018.07.06"]
[EventType "swiss"]
[EventCountry "SRB"]
[SourceTitle "playchess.com"]
[Source "ChessBase"]
[SourceQuality "1"]
[TimeControl "5400+30"]

1. e4 d5 2. exd5 Qxd5 3. Nc3 Qd6 4. d4 Nf6 5. Nf3 c6 6. Bc4 Bg4 7. O-O Nbd7 8. Re1 Bxf3 9. Qxf3 Qxd4 10. Bb3 Qg4 11. Qe3 e5 12. Ne4 Qxe4 13. Qxe4 Nxe4 14. Rxe4 Bc5 15. Be3 f5 16. Rc4 Bxe3 17. fxe3 Ke7 18. a4 a5 19. Rf1 g6 20. h4 Rhf8 21. g4 Nb6 22. Rc5 Kd6 23. Rc3 fxg4 24. Rd1+ Ke7 25. Rc5 Nd7 26. Rc4 h5 27. c3 Rad8 28. Re4 Rf6 29. Rc4 Nb6 30. Re4 Rxd1+ 31. Bxd1 Rd6 0-1

[Event "XI Paracin Festival 2018"]
[Site "Paracin"]
[Date "2018.07.06"]
[Round "1"]
[White "Cirovic, Miroljub"]
[Black "Petrov, Martin"]
[Result "0-1"]
[ECO "E15"]
[WhiteElo "2183"]
[BlackElo "2441"]
[Annotator "ChessBase"]
[PlyCount "90"]
[EventDate "2018.07.06"]
[EventType "swiss"]
[EventCountry "SRB"]
[SourceTitle "playchess.com"]
[Source "ChessBase"]
[SourceQuality "1"]
[TimeControl "5400+30"]

1. d4 Nf6 2. c4 e6 3. Nf3 b6 4. g3 Ba6 5. Nbd2 Bb4 6. Qc2 Bb7 7. Bg2 Be4 8. Qb3 Bxd2+ 9. Bxd2 O-O 10. O-O d6 11. Rfd1 Nbd7 12. Qe3 Qc8 13. Bc3 Qa6 14. a4 Rac8 15. b4 Qb7 16. Bh3 c6 17. Nd2 Bg6 18. f3 b5 19. Rdc1 Nb6 20. Qf4 Qe7 21. axb5 cxb5 22. c5 Nfd5 23. Qh4 Qxh4 24. gxh4 Na4 25. Ra3 dxc5 26. dxc5 Ndxc3 27. Raxc3 Nxc3 28. Rxc3 Rfd8 29. Nb3 Rd1+ 30. Kf2 Kf8 31. Bg2 Ke7 32. f4 f6 33. Na5 Be8 34. f5 Rd4 35. Nb7 Rxb4 36. Nd6 Rxc5 37. Rxc5 Kxd6 38. Rc8 Bd7 39. Rg8 exf5 40. h5 Rf4+ 41. Bf3 b4 42. Ke3 Rc4 43. Ra8 Rc7 44. Rb8 a5 45. Ra8 a4 0-1

[Event "XI Paracin Festival 2018"]
[Site "Paracin"]
[Date "2018.07.06"]
[Round "1"]
[White "Gochev, Mladen"]
[Black "Arsovic, Zoran"]
[Result "0-1"]
[ECO "A45"]
[WhiteElo "2181"]
[BlackElo "2436"]
[Annotator "NA"]
[PlyCount "77"]
[EventDate "2018.07.06"]
[EventType "swiss"]
[EventCountry "SRB"]
[SourceTitle "playchess.com"]
[Source "ChessBase"]
[SourceQuality "1"]
[TimeControl "5400+30"]

1. d4 Nf6 2. g3 c5 3. dxc5 e6 4. Bg2 Bxc5 5. Nf3 O-O {[%emt 0:00:55] A46: 1 d4 Nf6 2 Nf3 e6: Torre, London and Colle Systems} (5... d5 6. c4 Nc6 7. cxd5 exd5 8. O-O O-O 9. Nbd2 Bb6 10. Nb3 d4 11. Bf4 Re8 12. Qd3 Bg4 13. Rfd1 Qe7 14. h3 Nb4 15. Qb5 d3 16. exd3 Bd7 17. Qg5 h6 {0-1 (41) Stupak,K (2502)-Sutovsky,E (2665) Plovdiv 2010}) 6. O-O {[%emt 0:00:18] LiveBook: 7 Games} d5 7. b3 Nc6 8. Bb2 Qe7 9. Ne5 Nxe5 $146 ({Predecessor:} 9... Rd8 10. Nd2 Nxe5 11. Bxe5 b6 12. Qc1 Bb7 13. a3 a5 14. Qb2 Ne8 15. Bd4 Rac8 16. Bxc5 bxc5 {½-½ (45) Muehlberg,S-Handel,H Leipzig 1956}) 10. Bxe5 Rd8 11. e3 Bd7 12. Qe2 Rac8 13. Rc1 Be8 14. a3 a6 15. Bd4 Bb5 16. Qe1 Bd6 17. a4 Bc6 18. Nd2 e5 19. Bb2 Qe6 20. Qe2 h5 21. c4 h4 22. cxd5 Bxd5 23. Rxc8 Rxc8 24. Bxd5 Nxd5 25. Nc4 Bb8 26. Rd1 Nf6 27. a5 Qf5 28. f3 hxg3 29. hxg3 Qg5 30. Kg2 Nh5 31. g4 e4 32. Rh1 Ng3 33. f4 Qxf4 (33... Nxe2 $2 {perishes.} 34. fxg5 Rc5 35. Rd1 $18) 34. exf4 Nxe2 35. f5 Nf4+ $17 36. Kf1 Rd8 37. Ke1 Rd3 38. Rh2 Rxb3 39. Bc1 0-1

[Event "XI Paracin Festival 2018"]
[Site "Paracin"]
[Date "2018.07.06"]
[Round "1"]
[White "Sahil, Tickoo"]
[Black "Lorparizangeneh, Shahin"]
[Result "0-1"]
[ECO "D85"]
[WhiteElo "2179"]
[BlackElo "2493"]
[Annotator "ChessBase"]
[PlyCount "104"]
[EventDate "2018.07.06"]
[EventType "swiss"]
[EventCountry "SRB"]
[SourceTitle "playchess.com"]
[Source "ChessBase"]
[SourceQuality "1"]
[TimeControl "5400+30"]

1. d4 Nf6 2. c4 g6 3. Nc3 d5 4. cxd5 Nxd5 5. e4 Nxc3 6. bxc3 Bg7 7. Be3 c5 8. Rc1 O-O 9. Nf3 Bg4 10. d5 Nd7 11. Be2 Qa5 12. Qd2 c4 13. Bd4 Bxf3 14. Bxf3 Bxd4 15. Qxd4 b5 16. O-O Qc7 17. Rfd1 Rab8 18. Be2 Rfd8 19. g3 Qb6 20. Kg2 Qxd4 21. Rxd4 Rb6 22. a4 a6 23. Rb1 Rdb8 24. axb5 axb5 25. Rd2 Nc5 26. f3 Kf8 27. Rdb2 Na4 28. Rc2 Ke8 29. Rb4 Nc5 30. Rcb2 R6b7 31. Kf2 Kd7 32. Ke3 Na6 33. Kd4 Kc7 34. f4 Nxb4 35. Rxb4 Ra8 36. Rb2 e6 37. dxe6 fxe6 38. Kc5 Ra3 39. Bg4 Rb6 40. Rxb5 Rxb5+ 41. Kxb5 Rxc3 42. Bxe6 Rc2 43. Bxc4 Rxh2 44. Bg8 Kd6 45. Kc4 Rh3 46. e5+ Ke7 47. Kd5 h5 48. f5 gxf5 49. Bh7 Rxg3 50. Bxf5 h4 51. Ke4 h3 52. Kf4 h2 0-1